 Dungeon Sprint DCSS version 0.30-a0-4-ga7cffc901d (webtiles) character file.

Game seed: 506250688673389155

749 Conn the Arsonist (level 7, -6/42 HPs)
             Began as an Octopode Fire Elementalist on Aug 21, 2022.
             Was an Initiate of Sif Muna.
             Mangled by a flying skull (7 damage)
             ... in the Dungeon (Sprint II: "The Violet Keep of Menkaure").
             The game lasted 00:03:59 (254 turns).

Conn the Arsonist (Octopode Fire Elementalist)       Turns: 254, Time: 00:03:59

Health: -6/42      AC:  1    Str:  7    XL:     7   Next: 77%
Magic:  2/17       EV: 15    Int: 19    God:    Sif Muna [......]
Gold:   729        SH:  0    Dex: 13    Spells: 7/20 levels left

rFire   . . .      SeeInvis .    (no weapon)
rCold   . . .      Faith    .    (no shield)
rNeg    . . .      Spirit   .    (helmet restricted)
rPois   .          Reflect  .    (no amulet)
rElec   .          Harm     .    (no ring)
rCorr   .          Rampage  .    (no ring)
Will    .....      NoTele   +    (no ring)
Stlth   ++++......               (no ring)
HPRegen 0.14/turn                (no ring)
MPRegen 0.15/turn                (no ring)
                                 (no ring)
                                 (no ring)

@: slowed, very slow
A: almost no armour, amphibious, 8 rings, camouflage 1, gelatinous body 1,
(nimble swimmer 1), tentacles
a: Renounce Religion


You were in the Dungeon.
You worshipped Sif Muna.
Sif Muna was noncommittal.
You visited 1 branch You collected 729 gold pieces.

Inventory:

Potions
 a - 2 potions of magic


   Skills:
 + Level 0.9 Fighting
 + Level 5.5 Dodging
 + Level 7.1 Stealth
 + Level 7.2 Spellcasting
 * Level 7.3 Conjurations
 + Level 11.1 Fire Magic


You had 7 spell levels left.
You knew the following spells:

 Your Spells              Type           Power      Damage    Failure   Level
a - Foxfire               Conj/Fire      100%       2x1d9     1%          1
b - Conjure Flame         Conj/Fire      41%        6-21      1%          3
c - Inner Flame           Hex/Fire       28%        N/A       3%          3
d - Flame Wave            Conj/Fire      41%        2d11      2%          4
e - Scorch                Fire           98%        2d10      1%          2

Your spell library contained the following spells:

 Spells                   Type           Power      Damage    Failure   Level


Dungeon Overview and Level Annotations

Branches:
Dungeon (1/1)

Altars:
Cheibriados
Dithmenos
Elyvilon
Fedhas
Gozag
Hepliaklqana
Kikubaaqudgha
Makhleb
Nemelex Xobeh
Okawaru
Qazlal
Ru
Sif Muna
Trog
Uskayaw
Vehumet
Wu Jian
Xom
Yredelemnul
Zin
The Shining One
Jiyva
Lugonu

Annotations:
D exclusion: obsidian statue


Innate Abilities, Weirdness & Mutations

You cannot wear most types of armour.
You are amphibious.
You can wear up to eight rings at the same time.
Your skin changes colour to match your surroundings (Stealth+).
Your rubbery body absorbs attacks. (AC +1, EV +1)
((You are camouflaged when in or above water. (Stealth+)))
You have tentacles for arms and can constrict up to eight enemies at once.


Message History

Confirm with . or Enter, or press ? or * to list all spells.
Casting: Flame Wave (dangerous; 2% risk of failure)
Press: ? - help, Dir - look around, f - activate A wave of flame ripples out!
The flame wave engulfs the flying skull.
The flying skull resists.
The flying skull is heavily damaged. (Press . to intensify the flame waves.)
The flying skull misses you. The flying skull closely misses you.
A wave of flame ripples out!
The flame wave engulfs the flying skull!
The flying skull resists.
The flying skull is severely damaged.
The flame wave engulfs the flying skull.
The flying skull resists.
The flying skull is lightly damaged.
The flame wave engulfs the flying skull.
The flying skull resists.
The flying skull is lightly damaged.
You hear a hideous shriek!
The flying skull barely misses you. The flying skull hits you!
* * * LOW HITPOINT WARNING * * *
The flying skull hits you!
* * * LOW HITPOINT WARNING * * *
You hear a hideous shriek!
A wave of flame ripples out!
The flame wave engulfs the flying skull.
The flying skull resists.
The flying skull is almost destroyed.
The flame wave engulfs the flying skull.
The flying skull resists.
The flying skull is moderately damaged.
The flame wave engulfs the flying skull!
The flying skull resists.
The flying skull is heavily damaged.
The flame wave engulfs the flying skull.
The flying skull resists.
The flying skull is lightly damaged.
You finish channelling waves of flame.
The flying skull hits you!
You die...

#~~~.....†...#
#~~~~.##'##..#
#~~~~###..##.####
.### #~~~ #.##..#
...# .^.# #~~
##.#†####..## #..# #~
##'###.##..# +^^# #
##.##...#..# #.^#
+.<.÷##.+..### ..##
##@##...#..§.###...
##z###.##.§....~~~~
##.zz####~~§§...~#'#
#..#z.#~~~~§~~..~#..
##.°.##~~~~~~§~.~#..
##°##~~~≈≈≈~~§~~#..
#~~~z°○~~~§≈§≈≈§~§#..
#+++#°z'#~§§§§§≈≈~#._
zz...##§§§###≈≈#_.


You could see 4 flying skulls.

Vanquished Creatures
  A merfolk siren (D)
  2 water moccasins (D)
  4 necrophages (D)
  3 worms (D)
10 creatures vanquished.

Vanquished Creatures (others)
  Menkaure (D)
  2 foxfires (D)
3 creatures vanquished.

Grand Total: 13 creatures vanquished

Notes
Turn   | Place    | Note
-------+----------+-------------------------------------------
     0 | D        | Conn the Octopode Fire Elementalist began the quest for the
                  | Orb.
     0 | D        | Reached XP level 1. HP: 11/11 MP: 3/3
     5 | D        | Noticed a merfolk siren
     8 | D        | Noticed a necrophage
     8 | D        | Noticed a necrophage
     8 | D        | Noticed a necrophage
     8 | D        | Noticed a necrophage
    16 | D        | Killed a necrophage
    17 | D        | Reached skill level 5 in Fire Magic
    17 | D        | Reached XP level 2. HP: 17/17 MP: 4/6
    17 | D        | Reached XP level 3. HP: 21/21 MP: 4/7
    17 | D        | Reached XP level 4. HP: 27/27 MP: 5/9
    20 | D        | Killed a necrophage
    21 | D        | Reached skill level 6 in Fire Magic
    21 | D        | Reached XP level 5. HP: 31/31 MP: 5/11
    26 | D        | Reached skill level 5 in Stealth
    26 | D        | Reached skill level 7 in Fire Magic
    35 | D        | Reached skill level 5 in Conjurations
    35 | D        | Reached skill level 8 in Fire Magic
    35 | D        | Reached XP level 6. HP: 18/36 MP: 5/13
    52 | D        | Learned a level 2 spell: Scorch
    56 | D        | Learned a level 3 spell: Conjure Flame
    60 | D        | Learned a level 3 spell: Inner Flame
    65 | D        | Learned a level 4 spell: Flame Wave
    70 | D        | Reached skill level 5 in Spellcasting
    81 | D        | Noticed an obsidian statue
    83 | D        | Noticed a water moccasin
    84 | D        | Noticed a water moccasin
    86 | D        | Killed a water moccasin
    87 | D        | Reached skill level 9 in Fire Magic
    89 | D        | Killed a water moccasin
    93 | D        | Killed Menkaure
   107 | D        | Found a snail-covered altar of Cheibriados.
   108 | D        | Found a shadowy altar of Dithmenos.
   109 | D        | Found a white marble altar of Elyvilon.
   109 | D        | Found an ancient bone altar of Kikubaaqudgha.
   109 | D        | Found a viscous altar of Jiyva.
   110 | D        | Found a blossoming altar of Fedhas.
   110 | D        | Found a corrupted altar of Lugonu.
   110 | D        | Found a shimmering blue altar of Sif Muna.
   110 | D        | Found a hazy altar of Hepliaklqana.
   110 | D        | Found a sacrificial altar of Ru.
   111 | D        | Found an opulent altar of Gozag.
   111 | D        | Found a burning altar of Makhleb.
   111 | D        | Found a bloodstained altar of Trog.
   112 | D        | Found a sparkling altar of Nemelex Xobeh.
   112 | D        | Found a hide-covered altar of Uskayaw.
   113 | D        | Found a basalt altar of Yredelemnul.
   114 | D        | Found an iron altar of Okawaru.
   114 | D        | Found a radiant altar of Vehumet.
   114 | D        | Found a glowing silver altar of Zin.
   114 | D        | Found a shimmering altar of Xom.
   115 | D        | Found a stormy altar of Qazlal.
   115 | D        | Found an ornate altar of the Wu Jian Council.
   115 | D        | Found a glowing golden altar of the Shining One.
   117 | D        | Noticed a water moccasin
   118 | D        | Noticed a water moccasin
   121 | D        | Became a worshipper of Sif Muna the Loreminder
   235 | D        | Killed a merfolk siren
   236 | D        | Reached skill level 5 in Dodging
   236 | D        | Reached skill level 11 in Fire Magic
   236 | D        | Reached XP level 7. HP: 36/42 MP: 7/17
   244 | D        | Noticed a flying skull
   244 | D        | Noticed a flying skull
   244 | D        | Noticed a flying skull
   244 | D        | Noticed a flying skull
   244 | D        | Noticed a flying skull
   244 | D        | Noticed a flying skull
   244 | D        | Noticed a flying skull
   244 | D        | Noticed a flying skull
   244 | D        | Noticed a flying skull
   245 | D        | Noticed a flying skull
   245 | D        | Noticed a flying skull
   246 | D        | Noticed a flying skull
   253 | D        | HP: 1/42 [flying skull (8)]
   254 | D        | Mangled by a flying skull

Illustrated notes

Levels and vault maps discovered:
D:        the_violet_keep_of_menkaure [sprint2_stairs_cluster_1,
          sprint2_shoproom, sprint2_temple, sprint2_basic_supplies,
          sprint2_obstacle_1, sprint2_obstacle_5, sprint2_obstacle_3,
          sprint2_obstacle_2, sprint2_obstacle_7, sprint2_timed_cluster_1,
          sprint2_smallroom_cluster_1, sprint2_smallroom_final_cluster_1,
          sprint2_transparent_cluster_1, sprint2_second_timed_cluster_1,
          sprint2_sniper_area_1, sprint2_heavy_combat_area_1,
          sprint2_mutation_trap_area_1, sprint2_forest_area_1,
          sprint2_light_combat_area_1, sprint2_behind_water_1,
          sprint2_near_end_vault_1]

Skill      XL: |  1  2  3  4  5  6 |
---------------+-------------------+-----
Dodging        | 3 4 5 |  5.5
Stealth        | 4 5 7 |  7.1
Spellcasting   | 3 4 7 |  7.2
Conjurations   | 3 4 5 7 |  7.3
Fire Magic     | 5 6 8 11 | 11.1
Fighting       | |  0.9

Action                   |  1- 3 |  4- 6 |  7- 9 || total
-------------------------+-------+-------+-------++-------
Melee: Unarmed           |     6 |    16 |       ||    22
       Constrict         |     1 |     3 |       ||     4
       Tentacles         |       |     5 |       ||     5
 Cast: Foxfire           |       |     1 |       ||     1
       Scorch            |       |     5 |     1 ||     6
       Flame Wave        |       |     2 |     1 ||     3
       Inner Flame       |       |     1 |       ||     1
  Use: Potion            |     2 |     1 |     2 ||     5
       Scroll            |       |       |     1 ||     1
Dodge: Dodged            |     3 |     8 |     7 ||    18

Table legend: (Time is in decaauts)
 A = Elapsed time spent in this place.
 B = Non-inter-level travel time spent in this place.
 C = Inter-level travel time spent in this place.
 D = Time resting spent in this place.
 E = Time spent auto-exploring this place.
 F = Levels seen in this place.
 G = Mean time per level.
                   A        B        C        D        E       F      G
               +--------+--------+--------+--------+--------+-----+--------+
         Total |    251 |    251 |      0 |     84 |      0 |   1 |  251.0 |
       Dungeon |    251 |    251 |      0 |     84 |      0 |   1 |  251.0 |
               +--------+--------+--------+--------+--------+-----+--------+

Top non-repeatable levels by time:
       D: 251 daAuts
